[Event "Team 45 45 League T54"]
[Site "Internet Chess Club"]
[Date "2012.10.07"]
[Round "8"]
[White "Aquaman"]
[Black "Fogbound"]
[Result "1-0"]
[WhiteElo "1279"]
[BlackElo "1272"]
[Opening "Réti v Dutch"]
[ECO "A04"]
[Time "14:03:55"]
[TimeControl "2700+45"]

1. Nf3 f5 2. d4 Nf6 3. g3 g6 4. Bg2 Bg7 5. O-O O-O 6. c3 d6 7. Nbd2 Nbd7 8. Ng5
Nb6 9. Qb3+ d5 10. e3 h6 11. Ngf3 Qe8 12. Ne5 Kh7 13. h4 c6 14. c4 Be6 15. c5
Nc4 16. Ndxc4 dxc4 17. Qxb7 Ne4 18. Qxc6 Qxc6 19. Nxc6 c3 20. bxc3 Nxc3 21. Nxe7
Rab8 22. Nc6 Rb1 23. Bd2 Rxf1+ 24. Kxf1 Bc4+ 25. Ke1 Ne4 26. Bxe4 fxe4 27. a4 a6
28. Na5 Be6 29. Nb7 Bd5 30. Na5 Bf6 31. Rb1 h5 32. Rb6 Bxh4 33. gxh4 Rf3 34. Rd6
Ba8 35. c6 Rh3 36. c7 Rh1+ 37. Ke2 Ra1 38. c8=Q {Black resigns} 1-0

[Event "Team 45 45 League T54"]
[Site "Internet Chess Club"]
[Date "2012.10.09"]
[Round "8"]
[White "Hal2001"]
[Black "milesotoole"]
[Result "0-1"]
[WhiteElo "1642"]
[BlackElo "1677"]
[Opening "Latvian counter-gambit"]
[ECO "C40"]
[Time "09:19:45"]
[TimeControl "2700+45"]

1. e4 e5 2. Nf3 f5 3. Nxe5 Qf6 4. Nc4 fxe4 5. Nc3 Qf7 6. d3 d5 7. Ne5 Qf6 8. d4
c6 9. Be2 Bd6 10. Ng4 Bxg4 11. Bxg4 Nh6 12. Bxh6 Qxh6 13. Bh5+ g6 14. Bg4 O-O
15. Qe2 Na6 16. Nd1 Rae8 17. Ne3 c5 18. O-O-O cxd4 19. Rxd4 Be5 20. Rxd5 Qg7 21.
Rd7 Bxb2+ 22. Kb1 Qf6 23. Rxb7 Rb8 24. Nd5 Rxb7 25. Nxf6+ Bxf6+ 26. Kc1 Bg5+ 27.
Qe3 Bxe3+ 28. fxe3 {White resigns} 0-1

[Event "Team 45 45 League T54"]
[Site "Internet Chess Club"]
[Date "2012.10.08"]
[Round "8"]
[White "burnsy"]
[Black "Bryant-L"]
[Result "1-0"]
[WhiteElo "1454"]
[BlackElo "1403"]
[Opening "English: symmetrical variation"]
[ECO "A30"]
[Time "17:07:24"]
[TimeControl "2700+45"]

1. c4 c5 2. g3 Nc6 3. Bg2 Nf6 4. d3 e6 5. Nc3 d5 6. cxd5 exd5 7. Bg5 d4 8. Ne4
Qa5+ 9. Bd2 Qd8 10. Bg5 Qa5+ 11. Bd2 Qd8 12. Nxf6+ Qxf6 13. Nf3 Be6 14. O-O h6
15. Qa4 Bd6 16. Qb5 O-O 17. Qxb7 Rfc8 18. Nh4 Rab8 19. Qa6 g5 20. Bxc6 gxh4 21.
Bb7 Rd8 22. Ba5 Rd7 23. Bc6 Re7 24. Bg2 Bc8 25. Qc4 Rxb2 26. Bd8 hxg3 27. fxg3
Qe5 28. Bxe7 Be6 29. Qc1 Qxe2 30. Qxb2 Qxb2 31. Bxd6 c4 32. dxc4 Bxc4 33. Rfb1
Qe2 34. Re1 Qd2 35. Re8+ Kg7 36. Be5+ f6 37. Bf4 Qb4 38. Rae1 d3 39. R1e7+ Bf7
40. Rd7 Qb6+ 41. Be3 Qb1+ 42. Bf1 Kg6 43. Ree7 Bc4 44. Rg7+ Kf5 45. g4+ Ke5 46.
Rge7+ Be6 47. Bd4+ Kf4 48. Rxe6 Kxg4 49. Rxf6 d2 50. Rg7+ Kh5 51. Rf3 Qxf1+ 52.
Rxf1 {Black resigns} 1-0

[Event "Team 45 45 League T54"]
[Site "Internet Chess Club"]
[Date "2012.10.08"]
[Round "8"]
[White "DutchBird"]
[Black "Berke"]
[Result "1-0"]
[WhiteElo "1500"]
[BlackElo "1475"]
[Opening "French: exchange variation"]
[ECO "C01"]
[Time "17:00:16"]
[TimeControl "2700+45"]

1. e4 e6 2. d4 d5 3. exd5 exd5 4. c4 Nf6 5. Nc3 Bb4 6. a3 Bxc3+ 7. bxc3 O-O 8.
Bd3 Re8+ 9. Ne2 Be6 10. c5 c6 11. O-O Nbd7 12. Bg5 Qc7 13. Qc2 h6 14. Bf4 Qc8
15. Bd6 Bg4 16. f3 Bh5 17. Ng3 Qd8 18. Rfe1 Nf8 19. Nf5 Rxe1+ 20. Rxe1 Ne6 21.
Be7 Qd7 22. Bxf6 gxf6 23. Nxh6+ Kg7 24. Nf5+ Kg8 25. Ng3 Nf4 26. Nxh5 Nxh5 27.
Qd2 Re8 28. Rxe8+ Qxe8 29. Qe2 Qxe2 30. Bxe2 Nf4 31. Kf2 Kg7 32. g3 Ne6 33. Bd3
Kh6 34. a4 b6 35. cxb6 axb6 36. h3 c5 37. dxc5 Nxc5 38. Bb5 f5 39. Ke3 Kg6 40.
Kd4 Kf6 41. Kxd5 {Black resigns} 1-0

[Event "Team 45 45 League T54"]
[Site "Internet Chess Club"]
[Date "2012.10.05"]
[Round "8"]
[White "Iowa-Archer"]
[Black "arconia"]
[Result "1-0"]
[WhiteElo "1266"]
[BlackElo "1334"]
[Opening "Sicilian: Grand Prix attack"]
[ECO "B21"]
[Time "13:00:10"]
[TimeControl "2700+45"]

1. e4 c5 2. f4 Nc6 3. Nf3 e6 4. Bc4 Be7 5. O-O d5 6. exd5 exd5 7. Bb5 Bg4 8. d4
Nf6 9. h3 a6 10. Bxc6+ bxc6 11. hxg4 Nxg4 12. Ne5 Nxe5 13. fxe5 h5 14. Qf3 O-O
15. Qxh5 cxd4 16. Nd2 Qb6 17. Nf3 d3+ 18. Kh1 f6 19. exf6 Rxf6 20. Bg5 g6 21.
Qh4 Qxb2 22. cxd3 Rf7 23. Bxe7 Rh7 24. Qxh7+ Kxh7 25. Ng5+ Kg8 26. Rab1 Qe5 27.
Bf6 Qe2 28. Rbe1 Qxd3 29. Rd1 Qe2 30. Rde1 Qxa2 31. Re7 Qc4 32. Kg1 Qc5+ 33. Kh1
d4 34. Ne6 Qh5+ 35. Kg1 {Black forfeits on time} 1-0